 Dungeon Crawl Stone Soup version 0.27-a0-1184-ge86db4a01e (webtiles) character file.

Game seed: 2840241380026602114

513 bande the Chopper (level 7, -4/44 HPs)
             Began as a Gargoyle Fighter on May 18, 2021.
             Slain by a wyvern (12 damage)
             ... on level 4 of the Dungeon.
             The game lasted 00:08:09 (4695 turns).

bande the Chopper (Gargoyle Fighter)                Turns: 4695, Time: 00:08:09

Health: -4/44      AC: 18    Str: 20    XL:     7   Next: 20%
Magic:  7/7        EV:  4    Int: 11    God:
Gold:   111        SH: 11    Dex: 16    Spells: 6/6 levels left

rFire    . . .     SeeInvis .   r - +2 hand axe (venom)
rCold    . . .     Faith    +   c - +1 kite shield
rNeg     + . .     Spirit   .   p - +0 plate armour
rPois    ∞         Reflect  .   i - +0 helmet
rElec    +         Harm     .   (no cloak)
rCorr    .         Rampage  .   (no gloves)
Will     .....                  (no boots)
Stlth    ..........             m - amulet of faith
HPRegen  0.14/turn              k - +6 ring of dexterity
MPRegen  0.10/turn              (no ring)

@: studying Crossbows
A: sickness immunity, AC +4, negative energy resistance 1, electricity
resistance, torment resistance 1, petrification resistance, clever 1, MP-powered
wands
a: no special abilities


You were on level 4 of the Dungeon.
You visited 1 branch of the dungeon, and saw 5 of its levels.

You collected 123 gold pieces.
You spent 12 gold pieces at shops.

Inventory:

Hand Weapons
 a - a +1 war axe
 g - a +0 war axe
 o - a +0 flail
 r - a +2 hand axe of venom (weapon)
Armour
 c - a +1 kite shield (worn)
 i - a +0 helmet (worn)
 p - a +0 plate armour (worn)
Jewellery
 k - a +6 ring of dexterity (left hand)
 m - an amulet of faith (around neck)
Scrolls
 l - 3 scrolls of identify
 t - a scroll of enchant armour
 u - a scroll of acquirement {unknown}
Potions
 b - a potion of heal wounds {unknown}
 d - a potion of might
 e - a potion of ambrosia
 f - a potion of invisibility
 h - 2 potions of mutation
 j - 2 potions of lignification {unknown}
 n - 2 potions of magic {unknown}
 q - a potion of curing {unknown}
 s - a potion of berserk rage {unknown}


   Skills:
 + Level 4.3 Fighting
 + Level 4.8 Axes
 + Level 4.6 Armour
 + Level 1.2 Dodging
 + Level 4.7 Shields


You had 6 spell levels left.
You didn't know any spells.
Your spell library contained the following spells:

 Spells                   Type           Power      Damage    Failure   Level
 Shock                    Conj/Air       0%         1d3       100%        1
 Static Discharge         Conj/Air       0%         N/A       100%        2
 Swiftness                Air            0%         N/A       100%        3
 Airstrike                Air            0%         N/A       100%        4
 Lightning Bolt           Conj/Air       0%         1d11      100%        5


Dungeon Overview and Level Annotations

Branches:
Dungeon (5/15)
 Temple: D:4-7

Altars:
Dithmenos
Fedhas
Makhleb
Qazlal
Ru
Xom

Shops:
D:3 !*?=[


Innate Abilities, Weirdness & Mutations

You are immune to sickness and miasma.
Your stone body is resilient. (AC +4)
You are immune to poison.
You resist negative energy. (rN+)
You are resistant to electric shocks. (rElec)
You are resistant to unholy torment.
You are immune to petrification.
Your mind is acute. (Int +2)
You expend magic power (3 MP) to strengthen your wands.


Message History

You block the wyvern's attack. The worm bites you but does no damage.
You climb upwards.
There is a stone staircase leading down here.
Unknown command.
You hit the wyvern.
The wyvern is poisoned.
The wyvern is lightly wounded.
Your shield prevents you from hitting the worm.
The wyvern bites you but does no damage.
The wyvern bites you. You block the worm's attack.
Your shield prevents you from hitting the wyvern.
The wyvern is lightly wounded.
You hit the worm.
The worm is poisoned.
The wyvern bites you! You block the wyvern's attack.
You hit the worm.
The worm looks as sick as possible!
The worm is heavily wounded.
You hit the wyvern but do no damage.
The wyvern looks as sick as possible!
The wyvern bites you but does no damage.
You block the worm's attack. You block the wyvern's attack.
You hit the worm.
The worm looks as sick as possible!
The worm is almost dead.
You hit the wyvern.
The wyvern looks as sick as possible!
You kill the worm!
The wyvern barely misses you. x2
You barely miss the wyvern.
The wyvern is heavily wounded.
The wyvern bites you. x2
You hit the wyvern but do no damage.
The wyvern looks as sick as possible!
The wyvern is heavily wounded.
The wyvern bites you. The wyvern bites you!
* * * LOW HITPOINT WARNING * * *
You are too injured to fight recklessly!
You are too injured to fight recklessly!
You are too injured to fight recklessly!
You are too injured to fight recklessly!
You are too injured to fight recklessly!
You are too injured to fight recklessly!
You barely miss the wyvern.
The wyvern is heavily wounded.
The wyvern bites you!
You die...

.........##..#.#...#..##
#....#.................#
#.#†.#.###..##.).......###
#.##.#.....##...#...##...# ####
........#...##..#.#..#...## #...
........#......##.#.##....## #...
....)).........##...##.....###...
......##........###..#.#....###..
................@#...#.#...##....
....###......##.l[.###....##.....
..#####..#....#.....####.##.....#
...###...##.......######.........
§≈...##.####.........##.....##...
^((.##..#.#.......#......#.####..
##...............##........####..
^#.......###...###.........##....
.≈^.....#.##...............##....


You could see a wyvern (extremely poisoned).

Vanquished Creatures
  A water moccasin (D:3)
  A phantom (D:4)
  A scorpion (D:4)
  A water moccasin skeleton (D:4)
  A hound (D:4)
  An orc wizard (D:4)
  A hound skeleton (D:2)
  4 gnolls
  4 adders
  A worm (D:4)
  A dart slug (D:3)
  4 orcs
  8 endoplasms
  6 giant cockroaches
  8 goblins
  4 hobgoblins
  2 jackals (D:4)
  2 quokkas
  11 ball pythons
  3 bats
  7 frilled lizards
  5 kobolds
  4 rats
81 creatures vanquished.

Vanquished Creatures (others)
  2 fungi (D:4)
2 creatures vanquished.

Grand Total: 83 creatures vanquished

Notes
Turn   | Place    | Note
-------+----------+-------------------------------------------
     0 | D:1      | bande the Gargoyle Fighter began the quest for the Orb.
     0 | D:1      | Reached XP level 1. HP: 14/14 MP: 1/1
   223 | D:1      | Reached XP level 2. HP: 16/19 MP: 2/2
   288 | D:1      | Gained mutation: Your mind is acute. (Int +2) [potion of
                  | mutation]
   288 | D:1      | Gained mutation: You expend magic power (3 MP) to
                  | strengthen your wands. [potion of mutation]
   827 | D:1      | Reached XP level 3. HP: 21/23 MP: 3/3
  1570 | D:2      | Reached XP level 4. HP: 29/29 MP: 4/4
  1571 | D:2      | Found a sacrificial altar of Ru.
  1646 | D:2      | Found a faded altar of an unknown god.
  2043 | D:3      | Found Zejem's Distillery.
  2615 | D:3      | Bought a potion of degeneration for 12 gold pieces
  2625 | D:3      | Found Zaefeageph's Assorted Antiques.
  2814 | D:3      | Found a burning altar of Makhleb.
  2849 | D:3      | Noticed a water moccasin
  2861 | D:3      | Killed a water moccasin
  2862 | D:3      | Reached XP level 5. HP: 2/33 MP: 5/5
  3221 | D:3      | Found Ydiy's Jewellery Shop.
  3236 | D:3      | Reached XP level 6. HP: 38/38 MP: 6/6
  3269 | D:3      | Found Xil Adoll's Magic Scroll Shoppe.
  3308 | D:3      | Found a shimmering altar of Xom.
  3337 | D:3      | Found Diskeich's Antique Armour Boutique.
  3690 | D:3      | Reached skill level 1 in Dodging
  4019 | D:4      | Found a blossoming altar of Fedhas.
  4058 | D:4      | Found a shadowy altar of Dithmenos.
  4133 | D:4      | Found a stormy altar of Qazlal.
  4329 | D:4      | Reached XP level 7. HP: 38/44 MP: 7/7
  4665 | D:5      | Entered Level 5 of the Dungeon
  4672 | D:5      | Noticed a wyvern
  4695 | D:4      | Slain by a wyvern

Illustrated notes

Levels and vault maps discovered:
D:1:      dpeg_arrival_signposts, layout_basic, dk_noncrumbling_4,
          kennysheep_small_spiral
D:2:      layout_basic, basic_altar, hellmonk_ecumenical_altar_leap_of_faith
D:3:      layout_basic, lemuel_crystal_altar, lemuel_round_altar, serial_shops,
          nicolae_shop_statue_plus, shop_fountains, nicolae_shop_stone, shop,
          nicolae_shop_temple_entry_statues_fountains
D:4:      layout_cave_pools, kennysheep_little_box, grunt_qazlal_sundering,
          fedhas_altar_3, minmay_manual_mail
D:5:      layout_rooms, kennysheep_opposing_triangles, uniq_menkaure

Skill      XL: |  1  2  3  4  5  6 |
---------------+-------------------+-----
Axes           | 2 3 4 |  4.8
Armour         | 4 |  4.6
Fighting       | 4 |  4.3
Shields        | 4 |  4.7
Dodging        | 1 |  1.2

Action                   |  1- 3 |  4- 6 |  7- 9 || total
-------------------------+-------+-------+-------++-------
Melee: War axe           |   107 |   111 |       ||   218
       Hand axe          |       |    45 |    20 ||    65
  Use: Scroll            |     3 |     2 |       ||     5
       Potion            |     2 |       |       ||     2
Armor: Scale mail        |    78 |    55 |       ||   133
       Plate armour      |       |    21 |    16 ||    37
Dodge: Dodged            |    35 |    48 |     5 ||    88
Block: Kite shield       |    52 |   113 |    17 ||   182

Table legend: (Time is in decaauts)
 A = Elapsed time spent in this place.
 B = Non-inter-level travel time spent in this place.
 C = Inter-level travel time spent in this place.
 D = Time resting spent in this place.
 E = Time spent auto-exploring this place.
 F = Levels seen in this place.
 G = Mean time per level.
                   A        B        C        D        E       F      G
               +--------+--------+--------+--------+--------+-----+--------+
         Total |   4846 |   4539 |    307 |   1140 |   2540 |   5 |  969.2 |
       Dungeon |   4846 |   4539 |    307 |   1140 |   2540 |   5 |  969.2 |
               +--------+--------+--------+--------+--------+-----+--------+

Top non-repeatable levels by time:
     D:3: 1345 daAuts
     D:2: 1335 daAuts
     D:1: 1313 daAuts
     D:4: 838 daAuts
     D:5: 12 daAuts
